 Dungeon Sprint DCSS version 0.21-a0-401-g0b6bec4 (webtiles) character file.

7 tidbits the Grasshopper (level 2, 27/27 HPs)
             Began as a Gnoll Warper on Oct 21, 2017.
             Quit the game in the Dungeon (Sprint V: "Ziggurat Sprint").
             The game lasted 00:02:22 (39 turns).

tidbits the Grasshopper (Gnoll Warper)                Turns: 39, Time: 00:02:23

Health: 27/27      AC:  3    Str: 13    XL:     2   Next: 0%
Magic:  8/8        EV: 14    Int: 15    God:
Gold:   0          SH:  0    Dex: 14    Spells: 12/12 levels left

rFire    . . .     SeeInvis .   a - +0 hand axe
rCold    . . .     Gourm    .   (no shield)
rNeg     . . .     Faith    .   b - +0 leather armour
rPois    .         Spirit   .   (no helmet)
rElec    .         Reflect  .   (no cloak)
rCorr    .         Harm     .   (no gloves)
MR       .....     NoTele   +   (no boots)
Stlth    ++........             (no amulet)
HPRegen  0.09/turn              (no ring)
MPRegen  0.11/turn              (no ring)

@: no status effects
A: distributed training, fangs 1, strong nose
a: no special abilities


You were in the Dungeon.
You were not hungry.

You visited 1 branch

Inventory:

Hand Weapons
 a - a +0 hand axe (weapon)
 q - a +5 broad axe
 r - a +5 fustibalus
 s - a +5 hand crossbow
Missiles
 e - 5 tomahawks of dispersal (quivered) {!f}
 t - 1000 arrows
 u - 1000 sling bullets
Armour
 b - a +0 leather armour (worn)
 l - +5 fire dragon scales
 m - +5 gold dragon scales
 n - +5 ice dragon scales
 o - a +3 buckler
 p - a +3 shield
Magical Staves
 N - an uncursed staff of energy {!a}
   (You found it in the Dungeon)
Jewellery
 P - a +6 ring of dexterity
   (You found it in the Dungeon)
 Q - a +6 ring of dexterity
   (You found it in the Dungeon)
 R - a +6 ring of intelligence
   (You found it in the Dungeon)
 S - a +6 ring of intelligence
   (You found it in the Dungeon)
 T - a +6 ring of strength
   (You found it in the Dungeon)
 U - a +6 ring of strength
   (You found it in the Dungeon)
Wands
 J - a wand of disintegration (7/24)
 K - a wand of iceblast (5/15)
 L - a wand of lightning (5/15)
 M - a wand of acid (5/15)
Scrolls
 d - 5 scrolls of blinking
 y - 4 scrolls of amnesia
 z - 3 scrolls of recharging
 C - 7 scrolls of fog
 D - a scroll of holy word
 E - 5 scrolls of identify
 F - 5 scrolls of remove curse
 G - 2 scrolls of fear
Potions
 g - 10 potions of curing
 h - 10 potions of heal wounds
 i - 6 potions of haste
 j - 7 potions of magic
 k - 3 potions of berserk rage
 v - 2 potions of brilliance
 w - 2 potions of invisibility
 x - 4 potions of resistance
 A - 5 potions of agility
 B - 5 potions of might
Books
 c - a book of Spatial Translocations

   Spells                             Type                      Level
   a - Blink                          Translocation                2
   b - Shroud of Golubria             Charms/Translocation         2
   c - Lesser Beckoning               Translocation                3
   d - Gell's Gravitas                Translocation                3
   e - Teleport Other                 Translocation                3
   f - Passage of Golubria            Translocation                4
Miscellaneous
 O - a crystal ball of energy
 V - a lightning rod (4/4)
Comestibles
 f - 5 bread rations
 H - 42 fruits
 I - 4 meat rations


   Skills:
 + Level 5.1 Fighting
 + Level 2.3 Short Blades
 + Level 2.3 Long Blades
 + Level 5.1 Axes
 + Level 2.3 Maces & Flails
 + Level 2.3 Polearms
 + Level 2.3 Staves
 + Level 2.3 Slings
 + Level 2.3 Bows
 + Level 2.3 Crossbows
 + Level 3.5 Throwing
 + Level 3.5 Armour
 + Level 5.1 Dodging
 + Level 2.3 Stealth
 + Level 2.3 Shields
 + Level 2.3 Unarmed Combat
 + Level 5.5 Spellcasting
 + Level 1.8 Conjurations
 + Level 1.8 Hexes
 + Level 1.8 Charms
 + Level 1.8 Summonings
 + Level 1.8 Necromancy
 + Level 5.8 Translocations
 + Level 1.8 Transmutations
 + Level 1.8 Fire Magic
 + Level 1.8 Ice Magic
 + Level 1.8 Air Magic
 + Level 1.8 Earth Magic
 + Level 1.8 Poison Magic
 + Level 2.5 Invocations
 + Level 2.3 Evocations


You had 12 spell levels left.
You didn't know any spells.

Dungeon Overview and Level Annotations

Branches:
Dungeon (1/1)

Altars:
Ashenzari
Cheibriados
Dithmenos
Elyvilon
Fedhas
Gozag
Hepliaklqana
Kikubaaqudgha
Makhleb
Nemelex Xobeh
Okawaru
Qazlal
Ru
Sif Muna
Trog
Uskayaw
Vehumet
Wu Jian
Xom
Yredelemnul
Zin
The Shining One
Beogh
Jiyva
Lugonu

Annotations:
D 1 transporter


Innate Abilities, Weirdness & Mutations

Your experience applies equally to all skills.
You have very sharp teeth.
Your uncanny sense of smell can sniff out nearby items.


Message History

Welcome, tidbits the Gnoll Warper.
Press ? for a list of commands and other information.
Found eighteen items.
Found twelve altars.
Found a staircase leading out of the dungeon.
Items here: [[[[[[[ l - +5 fire dragon scales; m - +5 gold dragon scales; n - +5 ice dragon scales
Found a blossoming altar of Fedhas.
Things that are here:
a +3 large shield; a +3 shield; a +3 buckler
o - a +3 buckler;
p - a +3 shield
Found five altars.
Found a transporter.
Things that are here:
a +5 executioner's axe; a +5 battleaxe; a +5 broad axe
q - a +5 broad axe
Items here: ((( )))))))
r - a +5 fustibalus;
s - a +5 hand crossbow;
t - 1000 arrows
u - 1000 sling bullets You see here a +5 lajatang.
Items here: )))) a +5 triple sword; a +5 great sword; a +5 double sword; a +5 demon blade
Things that are here:
a +5 quick blade; a +5 rapier; a +5 dagger
Items here: )))) a +5 giant spiked club; a +5 giant club; a +5 great mace; a +5 demon whip
Things that are here:
a +5 bardiche; a +5 demon trident
Things that are here:
a +5 executioner's axe; a +5 battleaxe
Found six altars.
v - 2 potions of brilliance;
w - 2 potions of invisibility
i - 6 potions of haste (gained 5);
x - 4 potions of resistance
z - a potion of experience;
j - 7 potions of magic (gained 5)
A - 5 potions of agility;
B - 5 potions of might
k - 3 potions of berserk rage (gained 2)
h - 10 potions of heal wounds (gained 9)
g - 10 potions of curing (gained 9)
You feel more experienced!
Your Fighting skill increases to level 5!
Your Short Blades skill gained 2 levels and is now at level 2!
Your Long Blades skill gained 2 levels and is now at level 2!
Your Axes skill increases to level 5!
Your Maces & Flails skill gained 2 levels and is now at level 2!
Your Polearms skill gained 2 levels and is now at level 2!
Your Staves skill gained 2 levels and is now at level 2!
Your Slings skill gained 2 levels and is now at level 2!
Your Bows skill gained 2 levels and is now at level 2!
Your Crossbows skill gained 2 levels and is now at level 2!
Your Throwing skill increases to level 3!
Your Armour skill increases to level 3!
Your Dodging skill increases to level 5!
Your Stealth skill gained 2 levels and is now at level 2!
Your Shields skill gained 2 levels and is now at level 2!
Your Unarmed Combat skill gained 2 levels and is now at level 2!
Your Spellcasting skill increases to level 5!
Your Conjurations skill increases to level 1!
Your Hexes skill increases to level 1!
Your Charms skill increases to level 1!
Your Summonings skill increases to level 1!
Your Necromancy skill increases to level 1!
Your Transmutations skill increases to level 1!
Your Fire Magic skill increases to level 1!
Your Ice Magic skill increases to level 1!
Your Air Magic skill increases to level 1!
Your Earth Magic skill increases to level 1!
Your Poison Magic skill increases to level 1!
Your Invocations skill gained 2 levels and is now at level 2!
Your Evocations skill gained 2 levels and is now at level 2!
You have reached level 2!
Found a burning altar of Makhleb.
y - 4 scrolls of amnesia;
z - 3 scrolls of recharging;
C - 7 scrolls of fog
D - a scroll of holy word;
E - 5 scrolls of identify
F - 5 scrolls of remove curse;
G - 2 scrolls of fear
d - 5 scrolls of blinking (gained 3)
H - 42 fruits;
f - 5 bread rations (gained 4);
I - 4 meat rations
J - a wand of disintegration (7/24);
K - a wand of iceblast (5/15)
L - a wand of lightning (5/15);
M - a wand of acid (5/15)
Things that are here:
an uncursed staff of energy {!a}; a crystal ball of energy
N - an uncursed staff of energy {!a};
O - a crystal ball of energy
P - a +6 ring of dexterity;
Q - a +6 ring of dexterity
R - a +6 ring of intelligence;
S - a +6 ring of intelligence
T - a +6 ring of strength;
U - a +6 ring of strength You see here an uncursed ring of flight.
You see here a lightning rod (4/4).
V - a lightning rod (4/4)
Items here: ))))))))))
Okay, then.
Items here: )))) [[
Okay, then.
Are you sure you want to abandon this character and quit the game? (Confirm with "yes".)

▓▓▓▓▓▓▓▓▓▓▓▓▓▓▓▓▓
▓8_8_8_8©8_8_8_8▓
▓_............._▓
▓8.........@)..8▓
▓_..))........._▓
▓8..)).........8▓
▓_..))........._▓
▓8...).....=...8▓
▓_............._▓
▓8...[.........8▓
▓_...[.<......._▓
▓8.............8▓


There were no monsters in sight!

Vanquished Creatures (others)
  Edmund (D)
  Blork the orc (D)
  Crazy Yiuf (D)
3 creatures vanquished.

Notes
Turn   | Place    | Note
-------+----------+-------------------------------------------
     0 | D        | Found the +6 Majin-Bo {vamp, Archmagi MP+6 Int+6}
     0 | D        | Found the +7 great mace "Firestarter" {inner flame, rF++}
     0 | D        | tidbits the Gnoll Warper began the quest for the Orb.
     0 | D        | Reached XP level 1. HP: 20/20 MP: 6/6
     2 | D        | Killed Crazy Yiuf
     3 | D        | Found a blossoming altar of Fedhas.
     5 | D        | Found a viscous altar of Jiyva.
     5 | D        | Found a hazy altar of Hepliaklqana.
     5 | D        | Found a transporter.
     5 | D        | Found an opulent altar of Gozag.
     5 | D        | Found an ancient bone altar of Kikubaaqudgha.
     5 | D        | Found a corrupted altar of Lugonu.
     6 | D        | Killed Blork the orc
    18 | D        | Found a deep blue altar of Sif Muna.
    18 | D        | Found a sacrificial altar of Ru.
    18 | D        | Found a bloodstained altar of Trog.
    18 | D        | Found a stormy altar of Qazlal.
    18 | D        | Found an iron altar of Okawaru.
    18 | D        | Found a sparkling altar of Nemelex Xobeh.
    20 | D        | Reached skill level 5 in Fighting
    20 | D        | Reached skill level 2 in Short Blades
    20 | D        | Reached skill level 2 in Long Blades
    20 | D        | Reached skill level 5 in Axes
    20 | D        | Reached skill level 2 in Maces & Flails
    20 | D        | Reached skill level 2 in Polearms
    20 | D        | Reached skill level 2 in Staves
    20 | D        | Reached skill level 2 in Slings
    20 | D        | Reached skill level 2 in Bows
    20 | D        | Reached skill level 2 in Crossbows
    20 | D        | Reached skill level 3 in Throwing
    20 | D        | Reached skill level 3 in Armour
    20 | D        | Reached skill level 5 in Dodging
    20 | D        | Reached skill level 2 in Stealth
    20 | D        | Reached skill level 2 in Shields
    20 | D        | Reached skill level 2 in Unarmed Combat
    20 | D        | Reached skill level 5 in Spellcasting
    20 | D        | Reached skill level 1 in Conjurations
    20 | D        | Reached skill level 1 in Hexes
    20 | D        | Reached skill level 1 in Charms
    20 | D        | Reached skill level 1 in Summonings
    20 | D        | Reached skill level 1 in Necromancy
    20 | D        | Reached skill level 1 in Transmutations
    20 | D        | Reached skill level 1 in Fire Magic
    20 | D        | Reached skill level 1 in Ice Magic
    20 | D        | Reached skill level 1 in Air Magic
    20 | D        | Reached skill level 1 in Earth Magic
    20 | D        | Reached skill level 1 in Poison Magic
    20 | D        | Reached skill level 2 in Invocations
    20 | D        | Reached skill level 2 in Evocations
    20 | D        | Reached XP level 2. HP: 27/27 MP: 6/8
    21 | D        | Found a burning altar of Makhleb.
    33 | D        | Killed Edmund
    38 | D        | Found the +6 shillelagh "Devastator" {shatter}
    38 | D        | Found the +11 plutonium sword {*Contam Stlth-}
    38 | D        | Found the +8 lance "Wyrmbane" {slay drac, rPois rF+ rC+ AC+3}
    38 | D        | Found the +9 sword of Zonguldrok {reap}
    38 | D        | Found the cursed +13 scythe of Curses {drain, *Curse}
    38 | D        | Found the +0 sword of Power
    38 | D        | Found the -4 mace of Variability {chaos}
    38 | D        | Found the +7 Singing Sword
    38 | D        | Found the +7 longbow "Piercer" {penet, EV-2}
    39 | D        | Found the +9 heavy crossbow "Sniper" {velocity, Acc+∞ SInv}
    39 | D        | Found the +10 dark maul {crush}
    39 | D        | Found the +15 Maxwell's patent armour {-Cast -Tele rElec MR+ rCorr}
    39 | D        | Found the +18 shield of the Gong {rElec rN+ MR+ EV-5}
    39 | D        | Found the cursed +14 obsidian axe {chop, +Fly SInv *Curse}
    39 | D        | Quit the game

Vault maps used:
D:        sprint_v

Skill      XL: |  1 |
---------------+----+-----
Fighting       | 5 |  5.1
Short Blades   | 2 |  2.3
Long Blades    | 2 |  2.3
Axes           | 5 |  5.1
Maces & Flails | 2 |  2.3
Polearms       | 2 |  2.3
Staves         | 2 |  2.3
Slings         | 2 |  2.3
Bows           | 2 |  2.3
Crossbows      | 2 |  2.3
Throwing       | 3 |  3.5
Armour         | 3 |  3.5
Dodging        | 5 |  5.1
Stealth        | 2 |  2.3
Shields        | 2 |  2.3
Unarmed Combat | 2 |  2.3
Spellcasting   | 5 |  5.5
Conjurations   | 1 |  1.8
Hexes          | 1 |  1.8
Charms         | 1 |  1.8
Summonings     | 1 |  1.8
Necromancy     | 1 |  1.8
Transmutations | 1 |  1.8
Fire Magic     | 1 |  1.8
Ice Magic      | 1 |  1.8
Air Magic      | 1 |  1.8
Earth Magic    | 1 |  1.8
Poison Magic   | 1 |  1.8
Invocations    | 2 |  2.5
Evocations     | 2 |  2.3
Translocations | |  5.8

Action                   || total
-------------------------++-------
  Use: Potion            ||     1

Table legend:
 A = Spawn XP
 B = Non-spawn XP
 C = Spawn XP percentage of total XP
 D = Spawn monster count
 E = Non-spawn monster count
 F = Spawn count percentage of total count
 G = Total turns spent on level
                    A         B        C        D         E        F      G
               +---------+---------+-------+---------+---------+-------+---------
         Total |       0 |       0 |   N/A |       0 |       0 |   N/A |    39
               +---------+---------+-------+---------+---------+-------+---------
               +---------+---------+-------+---------+---------+-------+---------

Table legend:
 A = Turns spent in this place as a percentage of turns spent in the entire game.
 B = Non-inter-level travel turns spent in this place as a percentage of non-inter-level travel turns spent in the entire game.
 C = Inter-level travel turns spent in this place as a percentage of turns spent in this place.
 D = Turns resting spent in this place as a percentage of non-inter-level travel turns spent in this place.
 E = Turns spent auto-exploring this place as a percentage of non-inter-level travel turns spent in this place.
 F = Non-inter-level travel turns spent in this place divided by the number of levels of this place that you've seen.
                   A       B       C       D       E      F
               +-------+-------+-------+-------+-------+----------------------
         Total | 100.0 | 100.0 |   0.0 |   0.0 |   0.0 |  39.0
       Dungeon | 100.0 | 100.0 |   0.0 |   0.0 |   0.0 |  39.0
               +-------+-------+-------+-------+-------+----------------------

Vault maps used:
D:        sprint_v
